 Dungeon Crawl Stone Soup version 0.30-a0-118-ga018f8e90f (webtiles) character file.

Game seed: 2867431366728213392

9151 Newt the Spear-Bearer (level 11, -13/86 HPs)
             Began as a Demonspawn Gladiator on Sept 13, 2022.
             Was a Believer of Kikubaaqudgha.
             Mangled by a white ugly thing (33 damage)
             ... on level 11 of the Dungeon.
             The game lasted 00:12:53 (11575 turns).

Newt the Spear-Bearer (Demonspawn Gladiator)       Turns: 11575, Time: 00:12:54

Health: -13/86     AC:  9    Str: 18    XL:     11   Next: 19%
Magic:  18/18      EV: 14    Int: 16    God:    Kikubaaqudgha [**....]
Gold:   1318       SH:  4    Dex: 15    Spells: 16/20 levels left

rFire   . . .      SeeInvis +    k - +5 spear (freeze)
rCold   . . .      Faith    .    (no shield)
rNeg    . . .      Spirit   .    d - +0 acid dragon scales
rPois   .          Reflect  .    p - +0 helmet {SInv}
rElec   .          Harm     .    i - +0 cloak
rCorr   +          Rampage  .    L - +0 pair of gloves
Will    .....                    (no boots)
Stlth   ++........               (no amulet)
HPRegen 0.24/turn                m - ring of resist corrosion
MPRegen 0.16/turn                s - +6 ring of intelligence

@: no status effects
A: foul stench 2, sturdy frame 2, condensation shield, demonic touch 2
a: Renounce Religion, Unearth Wretches


You were on level 11 of the Dungeon.
You worshipped Kikubaaqudgha.
Kikubaaqudgha was pleased with you.
You visited 1 branch of the dungeon, and saw 11 of its levels.
You also visited: Ossuary.

You collected 1442 gold pieces.
You spent 124 gold pieces at shops.

Inventory:

Hand Weapons
 a - a +0 rapier
 k - a +5 spear of freezing (weapon)
 t - the +5 hammer of Untruth {venom, Int+3}
   (You found it on level 3 of the Dungeon)

   It poisons the flesh of those it strikes.
   Int:       It affects your intelligence (+3).
 M - a +2 spear of flaming
Missiles
 e - 9 javelins (quivered)
 g - 42 poisoned darts
Armour
 b - a +0 leather armour
 c - a +0 helmet
 d - +0 acid dragon scales (worn)
 i - a +0 cloak (worn)
 p - a +0 helmet of see invisible (worn)
 H - a +0 leather armour of fire resistance
 L - a +0 pair of gloves (worn)
 S - a +0 hat of see invisible
Jewellery
 m - a ring of resist corrosion (left hand)
 s - a +6 ring of intelligence (right hand)
 v - a ring of fire
 w - a ring of protection from cold
 D - a ring of wizardry
Wands
 E - a wand of roots (30)
 I - a wand of paralysis (7)
 N - a wand of polymorph (5)
 P - a wand of digging (7)
 Q - a wand of light (4)
Scrolls
 n - 5 scrolls of teleportation
 q - 3 scrolls of immolation
 r - 2 scrolls of enchant armour
 x - 2 scrolls of brand weapon
 y - a scroll of magic mapping
 K - a scroll of enchant weapon
 T - 2 scrolls of butterflies
Potions
 f - 4 potions of heal wounds
 h - 3 potions of attraction
 j - 2 potions of ambrosia
 l - 9 potions of curing
 o - 2 potions of berserk rage
 u - a potion of lignification {unknown}
 z - 2 potions of invisibility
 A - 6 potions of degeneration {unknown}
 B - 2 potions of flight {unknown}
 C - a potion of magic {unknown}
 F - a potion of mutation {unknown}
 G - a potion of haste {unknown}
 J - a potion of might {unknown}
 O - a potion of brilliance


   Skills:
 - Level 8.0 Fighting
 - Level 2.6 Short Blades
 - Level 10.0 Polearms
 - Level 1.7 Throwing
 - Level 5.0 Dodging
 - Level 2.0 Stealth
 - Level 5.0 Spellcasting
 + Level 7.4 Necromancy
 - Level 5.0 Evocations


You had 16 spell levels left.
You knew the following spells:

 Your Spells              Type           Power      Damage    Failure   Level
a - Animate Dead          Necr           27%        N/A       7%          4

Your spell library contained the following spells:

 Spells                   Type           Power      Damage    Failure   Level
 Necrotise                Necr           100%       1d9       1%          1
 Sublimation of Blood     Necr           27%        N/A       1%          2
 Vampiric Draining        Necr           27%        2d7       2%          3
 Dispel Undead            Necr           27%        3d13      7%          4
 Cigotuvi's Dreadful Rot  Necr/Pois/Air  22%        N/A       9%          2
 Freeze                   Ice            16%        1d4       16%         1
 Agony                    Necr           27%        N/A       21%         5
 Dazzling Flash           Conj/Hex       8%         N/A       41%         3
 Frozen Ramparts          Ice            8%         1d2       41%         3
 Inner Flame              Hex/Fire       4%         N/A       41%         3
 Death Channel            Necr           13%        N/A       73%         6
 Cause Fear               Hex            2%         N/A       83%         4
 Hailstorm                Conj/Ice       4%         3d4       83%         4
 Ice Form                 Ice/Tmut       4%         N/A       83%         4
 Summon Ice Beast         Ice/Summ       4%         N/A       83%         4
 Silence                  Hex/Air        2%         N/A       99%         5
 Borgnjor's Revivificati  Necr           13%        N/A       100%        8
 Discord                  Hex            2%         N/A       100%        8
 Necromutation            Tmut/Necr      7%         N/A       100%        8
 Death's Door             Necr           13%        N/A       100%        9


Dungeon Overview and Level Annotations

Branches:
Dungeon (11/15)            Temple (0/1) D:7            Lair (0/5) D:8
Ossuary (visited)
    Orc: D:9-12

Altars:
Cheibriados
Dithmenos
Gozag
Hepliaklqana
Kikubaaqudgha
Makhleb
Okawaru
Qazlal
Ru
Vehumet
Wu Jian
Xom
Yredelemnul

Shops:
D:4 *   D:7 (   D:11 [

Annotations:
D:11 Urug
Abyss:1 Sigmund


Innate Abilities, Weirdness & Mutations

You sometimes emit foul miasma when damaged in melee.
Your movements are less encumbered by armour. (ER -4)
A meltable shield of frost defends you. (SH +4)
Your touch may inflict irresistible damage on your foes.


Message History

Your butterfly disappears in a burst of colours! x3
HP restored.
Found a trident.
Unknown command.
Found Qejouza's Armour Emporium.
There is an entrance to Qejouza's Armour Emporium here.
Unknown command.
Urug the Orcish Ballista comes into view.
She is wielding a +3 halberd.
Urug is nearby!
Found 15 gold pieces.
You enter the shallow water.
Moving in this stuff is going to be slow.
A white ugly thing comes into view.
A centaur comes into view.
Urug shouts!
The centaur wields a +0 shortbow.
The centaur shoots an arrow.
The arrow hits you!
The centaur shoots an arrow.
The arrow misses you.
Urug throws a javelin.
The javelin pierces through you!!
The centaur shoots an arrow.
The arrow hits you but does no damage.
Urug throws a javelin.
The javelin misses you.
Urug throws a javelin.
The javelin closely misses you.
The centaur shoots an arrow.
The arrow hits you but does no damage.
Urug throws a javelin.
The javelin closely misses you.
The centaur shoots an arrow.
The arrow hits you!
Urug throws a javelin.
The javelin barely misses you.
The centaur shoots an arrow.
The arrow hits you.
The centaur shoots an arrow.
The arrow hits you.
Unknown command.
The centaur shoots an arrow.
You block the arrow.
The white ugly thing attacks as you move away!
The white ugly thing kicks you but does no damage.
The centaur shoots an arrow.
The arrow hits you!
Unknown command.
The centaur shoots an arrow.
The arrow hits you.
The white ugly thing attacks as you move away!
The white ugly thing kicks you!
* * * LOW HITPOINT WARNING * * *
The white ugly thing freezes you!!
You die...
Kikubaaqudgha rasps: "You have failed me!
Welcome... death!"

...........# .....!...c##
### ...~~~.....#####.#
...~≈~...........#
...≈~~..........###
..................####
.....................##
.........o..........#.#
...)...........u@.....###
........................##
......................##
.....................#
..........###.......#
.~~≈....## ##.....<#
~≈~.... #.....<# ≈≈....
#.....<# #.......#


You could see Urug, a white ugly thing and a centaur.

Vanquished Creatures
  Gastronok (D:10)
  Joseph (D:7)
  An unseen horror (D:10)
  Maggie (D:9)
  5 kobold demonologists
  A troll (D:9)
  Grinder (D:3)
  2 wraiths
  5 yaks
  A wyvern (D:10)
  Menkaure (D:5)
  2 vampire mosquitoes (D:10)
  2 acid dragons (D:9)
  2 water moccasins
  An orc warrior (D:10)
  2 sky beasts
  2 black bears
  2 ogres (D:6)
  2 centaurs
  A phantom (D:4)
  5 kobold brigands
  2 bullfrogs
  A gnoll sergeant (D:8)
  A scorpion (D:5)
  8 wights
  13 killer bees
  4 hounds
  Crazy Yiuf (D:3)
  An orc priest (D:7)
  Jessica (D:3)
  4 iguanas
  An orc wizard (D:10)
  A mummy (Ossuary)
  6 adders
  6 gnolls
  2 white imps
  2 ufetubi
  A worm (D:5)
  4 dart slugs
  27 orcs
  13 ball pythons
  An endoplasm (D:2)
  4 giant cockroaches
  10 goblins
  8 hobgoblins
  6 jackals
  3 bats
  6 frilled lizards
  7 gnoll skeletons (Ossuary)
  8 kobolds
  8 kobold skeletons (Ossuary)
  9 orc skeletons (Ossuary)
  6 rats
216 creatures vanquished.

Vanquished Creatures (collateral kills)
  A wraith (D:10)
  2 yaks (D:10)
  A kobold (D:10)
4 creatures vanquished.

Vanquished Creatures (others)
  A wyvern zombie (D:10)
  2 yak zombies (D:10)
  A withered plant (D:1)
4 creatures vanquished.

Grand Total: 224 creatures vanquished

Notes
Turn   | Place    | Note
-------+----------+-------------------------------------------
     0 | D:1      | Newt the Demonspawn Gladiator began the quest for the Orb.
     0 | D:1      | Reached XP level 1. HP: 16/16 MP: 1/1
   102 | D:1      | Reached skill level 1 in Stealth
   188 | D:1      | Gained mutation: You may rarely emit foul miasma when
                  | damaged in melee. [demonic ancestry]
   188 | D:1      | Reached XP level 2. HP: 7/22 MP: 2/2
   826 | D:1      | Gained mutation: Your touch may inflict minor irresistible
                  | damage on your foes. [demonic ancestry]
   826 | D:1      | Reached XP level 3. HP: 21/28 MP: 3/3
  1098 | D:1      | Found a faded altar of an unknown god.
  1340 | D:2      | Gained mutation: Your movements are slightly less
                  | encumbered by armour. (ER -2) [demonic ancestry]
  1340 | D:2      | Reached XP level 4. HP: 37/37 MP: 4/4
  2022 | D:3      | Noticed Jessica
  2029 | D:3      | Killed Jessica
  2030 | D:3      | Reached skill level 1 in Polearms
  2390 | D:3      | Noticed Grinder
  2397 | D:3      | Paralysed by Grinder for 2 turns
  2402 | D:3      | Killed Grinder
  2403 | D:3      | Reached skill level 4 in Polearms
  2403 | D:3      | Gained mutation: Your touch may inflict irresistible damage
                  | on your foes. [demonic ancestry]
  2403 | D:3      | Reached XP level 5. HP: 14/42 MP: 5/5
  2403 | D:3      | Reached XP level 6. HP: 16/48 MP: 6/6
  2812 | D:3      | Found a runed translucent door.
  2813 | D:3      | Noticed Crazy Yiuf
  2947 | D:3      | Killed Crazy Yiuf
  2958 | D:3      | Identified the +5 hammer of Untruth {venom, Int+3}
  3113 | D:4      | Reached skill level 5 in Polearms
  3246 | D:4      | Gained mutation: You sometimes emit foul miasma when
                  | damaged in melee. [demonic ancestry]
  3246 | D:4      | Reached XP level 7. HP: 49/54 MP: 7/7
  3263 | D:4      | Found a sand-covered staircase.
  3268 | Ossuary  | Entered an ossuary
  3268 | Ossuary  | Noticed a wraith
  3268 | Ossuary  | Noticed a wraith
  3268 | Ossuary  | Noticed a wraith
  3394 | Ossuary  | Noticed a wraith
  3406 | Ossuary  | Killed a wraith
  3407 | Ossuary  | Reached skill level 6 in Polearms
  4200 | D:4      | Found Keyxzism's Assorted Antiques.
  4206 | D:4      | Bought a scroll of identify for 62 gold pieces
  4206 | D:4      | Bought a scroll of identify for 62 gold pieces
  4471 | D:5      | Entered Level 5 of the Dungeon
  4735 | D:5      | Noticed Sigmund
  4742 | D:5      | Banished Sigmund
  4743 | D:5      | Reached skill level 5 in Dodging
  4743 | D:5      | Gained mutation: A meltable shield of frost defends you.
                  | (SH +4) [demonic ancestry]
  4743 | D:5      | Reached XP level 8. HP: 61/61 MP: 8/8
  4745 | D:5      | Noticed Menkaure
  4749 | D:5      | Killed Menkaure
  4750 | D:5      | Reached skill level 5 in Fighting
  4803 | D:5      | Found an ancient bone altar of Kikubaaqudgha.
  4818 | D:5      | Became a worshipper of Kikubaaqudgha
  5575 | D:6      | Reached skill level 7 in Polearms
  5643 | D:6      | Found a shadowy altar of Dithmenos.
  5643 | D:6      | Found a hazy altar of Hepliaklqana.
  6224 | D:6      | Reached skill level 8 in Polearms
  6224 | D:6      | Reached XP level 9. HP: 27/69 MP: 9/9
  6628 | D:7      | Found a staircase to the Ecumenical Temple.
  6710 | D:7      | Found Poibbaz's Weapon Shop.
  6732 | D:7      | Noticed Joseph
  6747 | D:7      | Killed Joseph
  7086 | D:7      | Found an opulent altar of Gozag.
  7086 | D:7      | Found an ornate altar of the Wu Jian Council.
  7086 | D:7      | Found an iron altar of Okawaru.
  7090 | D:7      | Reached * piety under Kikubaaqudgha
  7090 | D:7      | Received a gift from Kikubaaqudgha
  7091 | D:7      | Reached skill level 9 in Polearms
  7175 | D:7      | Found a radiant altar of Vehumet.
  7178 | D:7      | Found a shimmering altar of Xom.
  7180 | D:7      | Found a burning altar of Makhleb.
  7181 | D:7      | Found a sacrificial altar of Ru.
  7183 | D:7      | Found a stormy altar of Qazlal.
  7187 | D:7      | Found a snail-covered altar of Cheibriados.
  7188 | D:7      | Found a basalt altar of Yredelemnul.
  7640 | D:8      | Found a staircase to the Lair.
  7921 | D:8      | Reached skill level 10 in Polearms
  7921 | D:8      | Reached skill level 1 in Evocations
  8630 | D:9      | Noticed Maggie
  8651 | D:9      | Killed Maggie
  9072 | D:9      | Noticed a troll
  9073 | D:9      | Noticed a kobold demonologist
  9079 | D:9      | Killed a troll
  9080 | D:9      | Reached skill level 5 in Evocations
  9084 | D:9      | Killed a kobold demonologist
  9085 | D:9      | Reached XP level 10. HP: 59/76 MP: 10/10
  9713 | D:9      | Reached ** piety under Kikubaaqudgha
 10054 | D:10     | Entered Level 10 of the Dungeon
 10054 | D:10     | Noticed Gastronok
 10060 | D:10     | Reached skill level 5 in Necromancy
 10197 | D:10     | Reached skill level 1 in Spellcasting
 10294 | D:10     | Learned a level 4 spell: Animate Dead
 10434 | D:10     | Noticed an orange demon
 10487 | D:10     | Killed Gastronok
 10488 | D:10     | Reached skill level 5 in Spellcasting
 10488 | D:10     | Gained mutation: Your movements are less encumbered by
                  | armour. (ER -4) [demonic ancestry]
 10488 | D:10     | Reached XP level 11. HP: 58/84 MP: 14/18
 11480 | D:11     | Identified a scroll of acquirement
 11480 | D:11     | Acquired 920 gold pieces
 11552 | D:11     | Found Qejouza's Armour Emporium.
 11559 | D:11     | Noticed Urug
 11561 | D:11     | Noticed a white ugly thing
 11575 | D:11     | Mangled by a white ugly thing

Illustrated notes

Levels and vault maps discovered:
D:1:      minmay_arrival_open_corners, layout_loops_ring,
          ebering_ecumenical_altar_petrified
D:2:      layout_rooms, serial_glass, glass_columns_a, glass_columns_c,
          item_on_display_a, due_unseen_surprise, minmay_strange_pillars
D:3:      layout_loops_corners, hangedman_decor_growths,
          uniq_crazy_yiuf_cottage, uniq_grinder, uniq_jessica
D:4:      minmay_recursive_quarters, layout_cave_pools, serial_shops,
          nicolae_shop_crystal, enter_ossuary_2, serial_co_window_serial,
          co_window_paths_a, co_window_paths_a, co_window_corner_a,
          co_window_paths_b, co_window_paths_a, co_window_corner_b,
          co_window_unsneaky_path_c, co_window_cross_3, co_window_broadway_b,
          co_window_corner_cb, glass_columns_b, glass_columns_a,
          glass_columns_a, glass_columns_c
D:5:      layout_loops_corners, overflow_temple_1_default, uniq_menkaure,
          uniq_sigmund
D:6:      layout_loops_ring, riverfiend_overflow_shadow_ancestor,
          grunt_ministairs_14
D:7:      layout_loops_ring, nicolae_overflow_hallway_of_the_gods,
          minmay_temple_entry_gardened_gates, nicolae_inconvenience_store,
          uniq_joseph
D:8:      layout_basic, lair_entry_dummy, minmay_tree_intersection
D:9:      layout_roguey, uniq_maggie
D:10:     layout_rooms, dreamdust_divine_triumvirate, uniq_gastronok
D:11:     layout_big_octagon, orc_0_dummy, serial_shops, nicolae_shop_crystal,
          shop, nicolae_shop_bloodbath_and_beyond, nicolae_shop_clearance,
          uniq_urug

Skill      XL: |  1  2  3  4  5  6  7  8  9 10 11 |
---------------+----------------------------------+-----
Stealth        | 1 2 |  2.0
Fighting       | 3 4 6 7 8 |  8.0
Polearms       | 4 5 6 8 10 | 10.0
Dodging        | 5 |  5.0
Evocations     | 5 |  5.0
Necromancy     | 2 7 |  7.4
Spellcasting   | 5 |  5.0
Short Blades   | |  2.6
Throwing       | |  1.7

Action                   |  1- 3 |  4- 6 |  7- 9 | 10-12 || total
-------------------------+-------+-------+-------+-------++-------
Melee: Rapier            |    87 |       |       |       ||    87
       Punch             |     1 |     1 |     4 |       ||     6
       Spear             |    12 |    79 |   289 |   242 ||   622
       Touch             |     4 |     2 |    35 |    35 ||    76
Throw: Dart              |       |     3 |       |       ||     3
       Throwing net      |       |     2 |     2 |       ||     4
 Cast: Animate Dead      |       |       |       |     2 ||     2
Invok: Unearth Wretches  |       |       |       |     1 ||     1
  Use: Scroll            |       |     4 |    13 |     4 ||    21
       Potion            |       |     1 |       |     2 ||     3
 Stab: Sleeping          |     7 |     9 |     5 |     1 ||    22
       Held in net/web   |       |       |     1 |       ||     1
       Paralysed         |       |       |       |     3 ||     3
       Distracted        |       |       |       |     1 ||     1
Armor: Leather armour    |    20 |    13 |    16 |       ||    49
       Acid dragon scale |       |       |     3 |    49 ||    52
Dodge: Dodged            |    51 |    33 |    79 |    78 ||   241
Block: Other             |       |       |    15 |    23 ||    38

Table legend: (Time is in decaauts)
 A = Elapsed time spent in this place.
 B = Non-inter-level travel time spent in this place.
 C = Inter-level travel time spent in this place.
 D = Time resting spent in this place.
 E = Time spent auto-exploring this place.
 F = Levels seen in this place.
 G = Mean time per level.
                   A        B        C        D        E       F      G
               +--------+--------+--------+--------+--------+-----+--------+
         Total |  11413 |  10987 |    426 |   2526 |   6938 |  12 |  951.1 |
       Dungeon |  11024 |  10598 |    426 |   2526 |   6641 |  11 | 1002.2 |
       Ossuary |    388 |    388 |      0 |      0 |    297 |   1 |  388.0 |
               +--------+--------+--------+--------+--------+-----+--------+

Top non-repeatable levels by time:
     D:9: 1725 daAuts
     D:3: 1253 daAuts
     D:1: 1219 daAuts
     D:4: 1090 daAuts
     D:6: 1064 daAuts
     D:5: 1053 daAuts
    D:10: 1018 daAuts
     D:7: 1010 daAuts
     D:8: 966 daAuts
     D:2: 530 daAuts
 Ossuary: 388 daAuts
    D:11: 91 daAuts
